 Dungeon Crawl Stone Soup version 0.29.1-12-g30fa7ad0bf (webtiles) character file.

Game seed: 5486269731359646793

2069 venomsnake the Fighter (level 9, -7/85 HPs)
             Began as a Minotaur Berserker on Jan 13, 2023.
             Was a Priest of Trog.
             Mangled by a vampire (9 damage)
             ... on level 7 of the Dungeon.
             The game lasted 00:14:53 (6827 turns).

venomsnake the Fighter (Minotaur Berserker)         Turns: 6827, Time: 00:14:54

Health: -7/85      AC: 15    Str: 25    XL:     9   Next: 5%
Magic:  8/8        EV:  9    Int:  4    God:    Trog [***...]
Gold:   374        SH:  0    Dex: 11    Spells: 8/8 levels left

rFire   . . .      SeeInvis .   a - +0 hand axe
rCold   + + .      Faith    .   (no shield)
rNeg    . . .      Spirit   .   z - +0 plate armour
rPois   .          Reflect  .   (helmet restricted)
rElec   .          Harm     .   (no cloak)
rCorr   .          Rampage  .   l - +0 pair of gloves
Will    .....                   e - +0 pair of boots
Stlth   ..........              (no amulet)
HPRegen 0.24/turn               q - ring of protection from cold
MPRegen 0.11/turn               y - ring of protection from cold

@: confused
A: horns 2, retaliatory headbutt
a: Renounce Religion, Berserk, Trog's Hand


You were on level 7 of the Dungeon.
You worshipped Trog.
Trog was most pleased with you.
You visited 1 branch of the dungeon, and saw 7 of its levels.
You also visited: Sewer.

You collected 374 gold pieces.

Inventory:

Hand Weapons
 a - a +0 hand axe (weapon)
Missiles
 g - 59 stones (quivered)
 m - 2 poisoned darts
Armour
 e - a +0 pair of boots (worn)
 l - a +0 pair of gloves (worn)
 z - a +0 plate armour (worn)
Jewellery
 q - a ring of protection from cold (left hand)
 y - a ring of protection from cold (right hand)
 E - a ring of fire
Wands
 x - a wand of mindburst (1)
 D - a wand of polymorph (7)
Scrolls
 d - 3 scrolls of magic mapping
 i - 2 scrolls of fear {unknown}
 k - 2 scrolls of identify
 n - 3 scrolls of immolation
 o - a scroll of poison {unknown}
 p - 2 scrolls of blinking {unknown}
 r - 2 scrolls of noise
 s - 7 scrolls of teleportation
 v - a scroll of vulnerability {unknown}
 w - 2 scrolls of butterflies {unknown}
 C - 2 scrolls of enchant weapon {unknown}
Potions
 b - 2 potions of flight {unknown}
 c - 5 potions of curing
 f - a potion of berserk rage
 h - a potion of invisibility {unknown}
 j - 4 potions of heal wounds
 u - a potion of resistance {unknown}
 A - a potion of haste {unknown}


   Skills:
 * Level 9.8 Fighting
 + Level 7.2 Axes
 + Level 6.7 Armour
 + Level 6.2 Dodging


You had 8 spell levels left.
You didn't know any spells.
Your spell library was empty.

Dungeon Overview and Level Annotations

Branches:
Dungeon (7/15)             Temple (0/1) D:5           Sewer (visited)

Altars:
Hepliaklqana
Okawaru
Qazlal

Shops:
D:1 (

Annotations:
D:4 1 runed translucent door, Crazy Yiuf


Innate Abilities, Weirdness & Mutations

You have a pair of horns on your head.
You reflexively headbutt those who attack you in melee.


Message History

Menkaure is heavily damaged.
You slash something! Menkaure closely misses you.
You hit Menkaure but do no damage.
Menkaure is heavily damaged.
You hit something. Something hits you but does no damage. Something bites you.
Something draws strength from your injuries!
Menkaure calls on the powers of darkness!
Your body is wracked with pain!
* * * LOW HITPOINT WARNING * * *
You hit Menkaure but do no damage.
Menkaure is heavily damaged.
You barely miss something.
You hear some strange, mumbled words.
You are confused.
Menkaure casts a spell at you. Pain shoots through your body!
* * * LOW HITPOINT WARNING * * *
You are too confused!
You hit Menkaure.
Menkaure is severely damaged.
You closely miss something.
You hear a zap.
Something tries to affect you, but you resist.
You slash Menkaure!
You destroy Menkaure!
Trog accepts your kill.
Trog appreciates your killing of a magic user.
You hit something. Something hits you.
* * * LOW HITPOINT WARNING * * *
Something bites you but does no damage.
You have reached level 9!
Your experience leads to an increase in your attributes!
Increase (S)trength, (I)ntelligence, or (D)exterity?
You feel stronger. x2
You start resting.
You hear a zap.
Something tries to affect you, but you resist.
The now-empty wand crumbles to dust.
You start resting.
Something hits you!
You die...

#.....# #.....#
#######.....##+##. .
##.............≈≈≈ ..
E#.............≈# ...
##............!.+ ....
...............≈###≈....
...........=...≈≈≈≈≈....
†...............@.......
##...........[..........
E###+##############.....
##.....+ .... .......#
... .......#.. ..
.......... . #'########
#.#...#


There were no monsters in sight!

Vanquished Creatures
  A steam dragon (D:6)
  Menkaure (D:7)
  A water moccasin (D:6)
  Pargi (Sewer)
  4 black bears
  2 ogres
  2 phantoms (D:7)
  2 bullfrogs
  4 scorpions
  4 hounds
  A gnoll bouda (D:4)
  An orc priest (D:4)
  Jessica (D:2)
  5 iguanas
  An orc wizard (D:3)
  6 gnolls
  7 adders
  A shadow imp (D:6)
  An ufetubus (D:6)
  A worm (D:2)
  2 dart slugs
  10 orcs
  7 endoplasms
  7 giant cockroaches
  8 goblins
  7 hobgoblins
  4 jackals (D:4)
  6 kobolds
  7 quokkas
  7 ball pythons
  11 bats
  8 frilled lizards
  3 rats (D:1)
134 creatures vanquished.

Vanquished Creatures (others)
  A fungus (D:4)
  3 plants (D:3)
4 creatures vanquished.

Grand Total: 138 creatures vanquished

Notes
Turn   | Place    | Note
-------+----------+-------------------------------------------
     0 | D:1      | venomsnake the Minotaur Berserker began the quest for the
                  | Orb.
     0 | D:1      | Reached XP level 1. HP: 19/19 MP: 0/0
   374 | D:1      | Reached XP level 2. HP: 22/27 MP: 1/1
   431 | D:1      | Reached skill level 4 in Fighting
   775 | D:1      | Found Utycry's Weapon Emporium.
   834 | D:2      | Reached XP level 3. HP: 33/33 MP: 2/2
  1007 | D:2      | Found a faded altar of an unknown god.
  1121 | D:2      | Reached ** piety under Trog
  1412 | D:2      | Reached XP level 4. HP: 39/41 MP: 3/3
  1526 | D:2      | Noticed Jessica
  1536 | D:2      | Killed Jessica
  1541 | D:2      | Reached skill level 5 in Fighting
  1867 | D:3      | Reached XP level 5. HP: 26/48 MP: 4/4
  2218 | D:3      | Found a hazy altar of Hepliaklqana.
  3040 | D:4      | Noticed a black bear
  3048 | D:4      | Killed a black bear
  3049 | D:4      | Reached skill level 6 in Fighting
  3049 | D:4      | Reached XP level 6. HP: 53/57 MP: 5/5
  3092 | D:4      | Reached skill level 5 in Axes
  3338 | D:4      | Reached XP level 7. HP: 60/64 MP: 6/6
  3370 | D:4      | Reached *** piety under Trog
  3377 | D:4      | Reached skill level 7 in Fighting
  3546 | D:4      | Found an iron altar of Okawaru.
  3798 | D:4      | Found a runed translucent door.
  3799 | D:4      | Noticed Crazy Yiuf
  3857 | D:5      | Entered Level 5 of the Dungeon
  4011 | D:5      | Found a staircase to the Ecumenical Temple.
  4032 | D:5      | Identified the +5 hand axe of Irrepressible Laughter {pain,
                  | rN++ Dex-3}
  4417 | D:5      | Found a glowing drain.
  4432 | Sewer    | Entered a sewer
  4454 | Sewer    | Noticed Pargi
  4477 | Sewer    | Killed Pargi
  4478 | Sewer    | Reached skill level 5 in Armour
  4939 | D:6      | Reached skill level 5 in Dodging
  4939 | D:6      | Reached XP level 8. HP: 14/74 MP: 7/7
  5385 | D:6      | Reached skill level 8 in Fighting
  6210 | D:6      | Reached skill level 9 in Fighting
  6760 | D:7      | Found a stormy altar of Qazlal.
  6763 | D:7      | Noticed an air elemental
  6813 | D:7      | Noticed Menkaure
  6825 | D:7      | Killed Menkaure
  6825 | D:7      | HP: 2/79 [something (3)]
  6826 | D:7      | Reached XP level 9. HP: 2/85 MP: 8/8
  6827 | D:7      | Mangled by a vampire

Illustrated notes

Levels and vault maps discovered:
D:1:      minmay_arrival_widening_spiral_wide, layout_basic, serial_shops,
          nicolae_shop_bloodbath_and_beyond
D:2:      kennysheep_big_flooded_room, layout_loops_ring,
          shapermc_ecumenical_altar_notcrosses, minmay_tetromino_t4,
          uniq_jessica
D:3:      layout_loops_corners, nicolae_hepliaklqana_hazy_memory
D:4:      layout_gridville, kennysheep_okawaru_gauntlet, item_on_display_a,
          uniq_crazy_yiuf_cottage
D:5:      layout_loops_ring, minmay_temple_entry_stoned_glass,
          gup_sewer_entry_pipe, amcnicky_mini_corridor_feature
D:6:      layout_basic
D:7:      layout_gridville, kennysheep_mini_moat,
          nicolae_qazlal_style_of_elements, nicolae_overflow_hidden_temple,
          nicolae_take_the_stairs, kennysheep_flooded_box, minmay_the_grid_2x2
          [minmay_the_grid_spikes, minmay_the_grid_odd_star,
          minmay_the_grid_slots, minmay_the_grid_prize_trominoes], uniq_menkaure

Skill      XL: |  1  2  3  4  5  6  7  8 |
---------------+-------------------------+-----
Fighting       | 4 5 6 7 9 |  9.8
Axes           | 4 5 6 7 |  7.2
Armour         | 3 4 5 6 |  6.7
Dodging        | 3 4 5 6 |  6.2

Action                   |  1- 3 |  4- 6 |  7- 9 || total
-------------------------+-------+-------+-------++-------
Melee: Hand axe          |    89 |   130 |   182 ||   401
       Headbutt          |    10 |    15 |    35 ||    60
       Punch             |     1 |       |     6 ||     7
Throw: Stone             |     6 |       |    14 ||    20
  Use: Scroll            |       |     1 |     5 ||     6
Armor: Animal skin       |    17 |       |       ||    17
       Chain mail        |    18 |    93 |    83 ||   194
       Plate armour      |       |       |    76 ||    76
Dodge: Dodged            |    59 |    67 |   121 ||   247
